 Dungeon Crawl Stone Soup version 0.29.0-7-g18a832c13a (webtiles) character file.

Game seed: 6065039815089987031

193 spiderkeys the Sneak (level 5, 0/41 HPs)
             Began as a Demonspawn Brigand on Sept 1, 2022.
             Killed by nerve-wracking pain
             ... invoked by Grinder
              (12 damage)
             ... on level 3 of the Dungeon.
             The game lasted 00:04:37 (3736 turns).

spiderkeys the Sneak (Demonspawn Brigand)           Turns: 3736, Time: 00:04:38

Health: 0/41       AC:  5    Str: 12    XL:     5   Next: 43%
Magic:  5/5        EV: 12    Int: 12    God:
Gold:   166        SH:  0    Dex: 16    Spells: 4/4 levels left

rFire   . . .      SeeInvis .   q - +0 rapier
rCold   . . .      Faith    .   (no shield)
rNeg    . . .      Spirit   .   k - +0 leather armour
rPois   .          Reflect  .   (no helmet)
rElec   .          Harm     .   c - +1 cloak
rCorr   +          Rampage  .   (no gloves)
Will    .....                   (no boots)
Stlth   ++........              (no amulet)
HPRegen 0.13/turn               R - ring of resist corrosion
MPRegen 0.09/turn               (no ring)

@: no status effects
A: claws 1, demonic magic 1
a: no special abilities


You were on level 3 of the Dungeon.
You visited 1 branch of the dungeon, and saw 3 of its levels.

You collected 166 gold pieces.


Innate Abilities, Weirdness & Mutations

You have sharp fingernails.
Spells you cast may paralyse adjacent enemies.


   Skills:
 + Level 3.2 Fighting
 - Level 1.7(2.3) Short Blades
 + Level 2.1(2.5) Long Blades
 + Level 3.0 Throwing
 + Level 2.4 Dodging
 - Level 3.6 Stealth


You had 4 spell levels left.
You didn't know any spells.
Your spell library contained the following spells:

 Spells                   Type           Power      Damage    Failure   Level
 Foxfire                  Conj/Fire      0%         2x1d4     38%         1
 Conjure Flame            Conj/Fire      0%         6-21      77%         3
 Inner Flame              Hex/Fire       0%         N/A       77%         3
 Flame Wave               Conj/Fire      0%         2d4       99%         4

Inventory:

Hand Weapons
 a - a +2 dagger
 n - a +0 sling
   (You took it off a goblin on level 2 of the Dungeon)
 q - a +0 rapier (weapon)
   (You found it on level 2 of the Dungeon)
Missiles
 d - 9 poisoned darts (quivered)
 e - 2 curare-tipped darts {=f}
 g - 12 stones
Armour
 b - a +0 robe
 c - a +1 cloak (worn)
 i - a +0 scale mail
   (You found it on level 1 of the Dungeon)
 k - a +0 leather armour (worn)
   (You found it on level 1 of the Dungeon)
 m - a +0 robe
   (You found it on level 1 of the Dungeon)
 p - a +0 leather armour
   (You found it on level 2 of the Dungeon)
Jewellery
 R - a ring of resist corrosion (left claw)
   (You found it on level 1 of the Dungeon)
Scrolls
 h - a scroll of enchant weapon
 o - a scroll of teleportation {@r4}
Potions
 f - a potion of brilliance {unknown}
 j - 2 potions of curing {unknown}
 l - a potion of heal wounds {unknown}
 r - a potion of haste {unknown}
 t - 2 potions of degeneration {unknown}

Dungeon Overview and Level Annotations

Branches:
Dungeon (3/15) Zot: 14260

Altars:
Fedhas

Annotations:
D:3 Grinder

# #5.......# ##
#.###.#..# .#
#.....#..# ##
#.###.#..# .#
#.###.#..# ##
#.#.#.#..# .#
#.#.#....# .#
#.#.#.#.## .#
#..@..#.##### ####
###.5.###.#...#
...# #.....#
#.#.### #########
####..# #.#.#
..#.#.#.#
#..###.#.#
###.#.#.#
#......#.#
......#.###
##.#####.#
.P...P.P.P# #.#
#.#
..~.P...P.######.#
#.#


You could see Grinder.


Message History

The ogre looks even sicker.
You kill the ogre!
Your Fighting skill increases to level 3!
Your Long Blades skill increases to level 2!
Your Throwing skill increases to level 3!
You have reached level 5! 😎 HP[+7] MP[+1]
You now have 41 max hp (+7).
Your hp is fully restored (41).
Your mp is fully restored (5).
Things that are here:
a +0 giant club; an ogre corpse Key pressed, stopping explore.
d - 5 poisoned darts (gained 1)
d - 6 poisoned darts (gained 1) Key pressed, stopping explore.
d - 7 poisoned darts (gained 1)
d - 9 poisoned darts (gained 2)
o - 2 scrolls of teleportation {@r4} (gained 1) Key pressed, stopping explore.
j - 2 coppery potions (gained 1) Key pressed, stopping explore.
Grinder comes into view.
A worm comes into view.
Grinder shouts!
Grinder gestures at you.
Pain shoots through your body! 😮 HP[-14]
You take 14 damage, and now have 27/41 hp.
MASSIVE DAMAGE!! (PAUSE) Grinder blinks!
Unknown command.
Okay, then.
You aren't carrying any items that you can evoke.
Unknown command.
As you read the scroll labelled ZAOKHL OSHU, it crumbles to dust.
It is a scroll of enchant armour.
Your +0 cloak glows green for a moment.
Grinder gestures at you.
You suddenly lose the ability to move!
The worm bites you. Grinder gestures at you. Pain shoots through your body!
The worm bites you!
* * * LOW HITPOINT WARNING * * *
You can move again. 😨 HP[-8]
You take 8 damage, and now have 19/41 hp.
Unknown command.
As you read the scroll of teleportation {@r4}, it crumbles to dust.
You feel strangely unstable.
Grinder blinks!
Unknown command.
Your surroundings suddenly seem different.
You start resting. 😎 HP[+22]
Your hp is fully restored (41).
You start waiting.
Done waiting.
Grinder is nearby!
Unknown command.
You start waiting.
Grinder is nearby!
You closely miss Grinder.
Grinder shouts!
Grinder hits you but does no damage.
You barely miss Grinder. Grinder completely misses you.
You hit Grinder. Grinder hits you but does no damage.
You closely miss Grinder. Grinder gestures at you.
You barely resist. You hit Grinder. Grinder gestures at you.
You resist with significant effort.
You hit Grinder but do no damage. Grinder gestures at you.
You barely resist. You barely miss Grinder.
Grinder blinks!
Grinder hits you.
You writhe in agony. 😮 HP[-12]
You take 12 damage, and now have 29/41 hp.
MASSIVE DAMAGE!! (PAUSE)
You closely miss Grinder. Grinder hits you.
You writhe in agony. 😮 HP[-8]
You take 8 damage, and now have 21/41 hp.
You hit Grinder. Grinder hits you.
* * * LOW HITPOINT WARNING * * *
You writhe in agony.
* * * LOW HITPOINT WARNING * * *
😨 HP[-3]
You take 3 damage, and now have 18/41 hp.
Unknown command.
You barely miss Grinder. Grinder hits you!
* * * LOW HITPOINT WARNING * * *
😨 HP[-6]
You take 6 damage, and now have 12/41 hp.
You hit Grinder. Grinder closely misses you.
You closely miss Grinder. Grinder barely misses you. Grinder gestures at you.
Pain shoots through your body!
You die...

Skill      XL: |  1  2  3  4 |
---------------+-------------+-----
Dodging        | 1 2 |  2.4
Throwing       | 2 3 |  3.0
Long Blades    | 1 2 |  2.1
Fighting       | 3 |  3.2
Short Blades   | |  1.7
Stealth        | |  3.6

Action                   |  1- 3 |  4- 6 || total
-------------------------+-------+-------++-------
Melee: Dagger            |   146 |       ||   146
       Rapier            |     4 |    51 ||    55
       Punch             |     1 |     1 ||     2
 Fire: Sling             |    12 |       ||    12
Throw: Dart              |     2 |     5 ||     7
  Use: Scroll            |       |     4 ||     4
 Stab: Sleeping          |     3 |     2 ||     5
Armor: Robe              |    44 |       ||    44
       Leather armour    |       |     8 ||     8
Dodge: Dodged            |   112 |    20 ||   132

Levels and vault maps discovered:
D:1:      dpeg_arrival_stone_temple_mockup, layout_basic,
          minmay_misc_feat_nine_boxes, minmay_ruptured
D:2:      layout_loops_ring, basic_ecumenical_altar, serial_bayou_lagoon_a,
          minmay_goblin_outpost
D:3:      layout_basic, mainiacjoe_overflow_paths, kennysheep_vampire_church,
          guppyfry_early_lair_pool, uniq_grinder

Notes
Turn   | Place    | Note
-------+----------+-------------------------------------------
     0 | D:1      | spiderkeys the Demonspawn Brigand began the quest for the
                  | Orb.
     0 | D:1      | Reached XP level 1. HP: 16/16 MP: 1/1
     0 | D:1      | magus.rc [v1.11.3]
    53 | D:1      | Reached skill level 1 in Dodging
    64 | D:1      | HP: 4/16 [jackal (1)]
    71 | D:1      | Reached skill level 2 in Throwing
    71 | D:1      | Gained mutation: You have sharp fingernails. [demonic
                  | ancestry]
    71 | D:1      | Reached XP level 2. HP: 4/22 MP: 2/2
    73 | D:1      | HP: 3/22 [jackal (1)]
   653 | D:1      | Reached skill level 1 in Long Blades
   799 | D:1      | Reached XP level 3. HP: 28/28 MP: 3/3
  1528 | D:2      | Found a faded altar of an unknown god.
  1694 | D:2      | You pick up a book of Flames and begin reading...
  1694 | D:2      | You add the spells Foxfire, Conjure Flame, Inner Flame and
                  | Flame Wave to your library.
  2133 | D:2      | Gained mutation: Spells you cast may paralyse adjacent
                  | enemies. [demonic ancestry]
  2133 | D:2      | Reached XP level 4. HP: 25/34 MP: 4/4
  2701 | D:3      | Reached skill level 2 in Dodging
  2802 | D:3      | Found a blossoming altar of Fedhas.
  3107 | D:3      | Noticed an ogre
  3140 | D:3      | Killed an ogre
  3141 | D:3      | Reached skill level 3 in Fighting
  3141 | D:3      | Reached skill level 2 in Long Blades
  3141 | D:3      | Reached skill level 3 in Throwing
  3141 | D:3      | Reached XP level 5. HP: 41/41 MP: 5/5
  3391 | D:3      | Noticed Grinder
  3396 | D:3      | Paralysed by Grinder for 5 turns
  3736 | D:3      | Killed from afar by Grinder

Vanquished Creatures
  An ogre (D:3)
  3 adders
  A worm (D:3)
  3 dart slugs (D:1)
  2 orcs (D:3)
  8 bats
  4 endoplasms
  2 giant cockroaches
  13 goblins
  5 hobgoblins
  6 jackals (D:1)
  3 kobolds (D:1)
  3 quokkas
  5 ball pythons
  4 frilled lizards
  6 rats
69 creatures vanquished.

Vanquished Creatures (others)
  7 plants
7 creatures vanquished.

Grand Total: 76 creatures vanquished

Table legend:
 A = Non-vault XP
 B = Vault XP
 C = Vault XP percentage of total XP
 D = Non-vault monster count
 E = Vault monster count
 F = Vault count percentage of total count
                 A         B        C        D         E       F
            +---------+---------+-------+---------+---------+-------
      Total |     259 |      17 |   6.2 |      60 |       9 |  13.0
            +---------+---------+-------+---------+---------+-------
        D:1 |      61 |       7 |  10.3 |      35 |       4 |  10.3
        D:2 |      33 |      10 |  23.3 |      14 |       5 |  26.3
        D:3 |     165 |       0 |   0.0 |      11 |       0 |   0.0
            +---------+---------+-------+---------+---------+-------

Illustrated notes

Table legend:
 A = Kills in this place as a percentage of kills in entire the game.
 B = Kills by you in this place as a percentage of kills by you in the entire game.
 C = Kills by friends in this place as a percentage of kills by friends in the entire game.
 D = Other kills in this place as a percentage of other kills in the entire game.
 E = Experience gained in this place as a percentage of experience gained in the entire game.
 F = Experience gained in this place divided by the number of levels of this place that you have seen.
                   A       B       C       D       E      F
               +-------+-------+-------+-------+-------+----------------------
         Total | 100.0 | 100.0 |   N/A |   N/A | 100.0 |  92.0
       Dungeon | 100.0 | 100.0 |   N/A |   N/A | 100.0 |  92.0
               +-------+-------+-------+-------+-------+----------------------

Table legend: (Time is in decaauts)
 A = Elapsed time spent in this place.
 B = Non-inter-level travel time spent in this place.
 C = Inter-level travel time spent in this place.
 D = Time resting spent in this place.
 E = Time spent auto-exploring this place.
 F = Levels seen in this place.
 G = Mean time per level.
                   A        B        C        D        E       F      G
               +--------+--------+--------+--------+--------+-----+--------+
         Total |   3738 |   3545 |    193 |    709 |   2326 |   3 | 1246.0 |
       Dungeon |   3738 |   3545 |    193 |    709 |   2326 |   3 | 1246.0 |
               +--------+--------+--------+--------+--------+-----+--------+

Top non-repeatable levels by time:
     D:1: 1389 daAuts
     D:3: 1306 daAuts
     D:2: 1041 daAuts
